 Dungeon Crawl Stone Soup version 0.31-a0-851-g7ff8af7976 (webtiles) character file.

Game seed: 3496787507829392876

2204 Maratek the Thaumaturge (level 9, 0/62 HPs)
             Began as a Mummy Necromancer on Oct 5, 2023.
             Was a Follower of Yredelemnul.
             Slain by a bullfrog (6 damage)
             ... on level 8 of the Dungeon.
             The game lasted 00:16:02 (6016 turns).

Maratek the Thaumaturge (Mummy Necromancer)         Turns: 6016, Time: 00:16:03

Health: 0/62       AC:  5    Str: 11    XL:     9   Next: 12%
Magic:  22/22      EV: 13    Int: 18    God:    Yredelemnul [*.....]
Gold:   294        SH:  0    Dex: 13    Spells: 26/27 levels left

rFire   . . .        i - +3 short sword (venom)
rCold   + . .        (no shield)
rNeg    + + +        a - +0 robe
rPois   ∞            (no helmet)
rElec   .            (no cloak)
rCorr   .            (no gloves)
SInv    .            p - +2 pair of boots
Will    +....        g - amulet of regeneration
Stlth   ++           r - ring of protection from fire
HPRegen 1.10/turn    (no ring)
MPRegen 0.18/turn

%: faith
@: no status effects
A: cold resistance 1, negative energy resistance 3, torment resistance 2, heat
vulnerability 1, in touch with death 1, no potions, faith
a: Renounce Religion, Recall Undead Harvest


You were on level 8 of the Dungeon.
You worshipped Yredelemnul.
Yredelemnul was noncommittal.
You visited 1 branch of the dungeon, and saw 8 of its levels.

You collected 294 gold pieces.

Inventory:

Hand Weapons
 i - a +3 short sword of venom (weapon)
Armour
 a - a +0 robe (worn)
 p - a +2 pair of boots (worn)
Jewellery
 g - an amulet of regeneration (around neck)
 r - a ring of protection from fire (left hand)
Wands
 j - a wand of flame (23)
 m - a wand of roots (10)
Scrolls
 b - a scroll of silence {unknown}
 c - a scroll of fear {unknown}
 d - 2 scrolls of teleportation
 e - a scroll of immolation {unknown}
 f - 2 scrolls of amnesia {unknown}
 h - a scroll of summoning {unknown}
 k - 2 scrolls of revelation {unknown}
 l - a scroll of noise {unknown}
 n - a scroll of poison {unknown}
 o - 3 scrolls of vulnerability {unknown}
 q - a scroll of identify {unknown}


   Skills:
 + Level 2.4 Fighting
 + Level 2.2 Short Blades
 + Level 3.2 Dodging
 + Level 2.2 Stealth
 + Level 9.5 Spellcasting
 + Level 8.5 Necromancy
 + Level 0.1 Evocations


You had 26 spell levels left.
You knew the following spells:

 Your Spells              Type           Power      Damage    Failure   Level
a - Necrotise             Necr           100%       1d9       1%          1

Your spell library contained the following spells:

 Spells                   Type           Power      Damage    Failure   Level
 Vampiric Draining        Necr           56%        2d10      1%          3
 Agony                    Necr           56%        N/A       7%          5
 Slow                     Hex            32%        N/A       9%          1
 Sting                    Tmut/Pois      32%        1d4       9%          1
 Blink                    Tloc           16%        N/A       13%         2
 Lesser Beckoning         Tloc           16%        N/A       13%         2
 Momentum Strike          Conj/Tloc      16%        3d8       13%         2
 Poisonous Vapours        Pois/Air       16%        N/A       13%         2
 Confusing Touch          Hex            8%         N/A       26%         3
 Sigil of Binding         Hex            8%         N/A       26%         3
 Volatile Blastmotes      Fire/Tloc      16%        2d11      26%         3
 Fulminant Prism          Conj/Hex       4%         3d5       63%         4
 Iskenderun's Mystic Bla  Conj/Tloc      8%         2d4       63%         4
 Olgreb's Toxic Radiance  Pois           8%         N/A       63%         4
 Animate Dead             Necr           Unusable   N/A       N/A         4

Dungeon Overview and Level Annotations

Branches:
Dungeon (8/15)             Temple (0/1) D:7
   Lair: D:8-11

Altars:
Cheibriados
Dithmenos
Makhleb
Nemelex Xobeh
Sif Muna
Trog
Vehumet
Xom
Yredelemnul

Shops:
D:7 :


Innate Abilities, Weirdness & Mutations

You are immune to poison.
Your flesh is cold resistant. (rC+)
You are immune to negative energy. (rN+++)
You are immune to unholy pain and torment.
You are vulnerable to heat. (rF-)
You are in touch with the powers of death.
You do not drink.
You have a special connection with the divine. (Faith)


Message History

You hit the bullfrog.
The bullfrog is moderately wounded.
The bullfrog hits you but does no damage.
Your howler monkey zombie closely misses the orc priest.
The orc priest barely misses your howler monkey zombie.
The orc priest hits your howler monkey zombie with a +0 club.
Your howler monkey zombie is destroyed!
You closely miss the bullfrog.
The bullfrog is moderately wounded.
The bullfrog misses you. The bullfrog barely misses you.
Unknown command.
You hit the bullfrog.
The bullfrog is poisoned.
The bullfrog is moderately wounded.
The bullfrog hits you!
* * * LOW HITPOINT WARNING * * *
Unknown command.
You hit the bullfrog.
The bullfrog looks as sick as possible!
The bullfrog is moderately wounded.
The bullfrog hits you but does no damage.
Your orc zombie barely misses the orc priest.
Unknown command.
You hit the bullfrog.
The bullfrog looks as sick as possible!
The bullfrog is heavily wounded.
The bullfrog hits you.
* * * LOW HITPOINT WARNING * * *
Your orc zombie hits the orc priest but does no damage.
The bullfrog swells and bulges.
The bullfrog hits you but does no damage.
Your ice beast zombie hits the orc priest.
You closely miss the bullfrog.
The bullfrog is severely wounded.
The orc priest calls down the wrath of Beogh upon you.
Beogh smites you!
* * * LOW HITPOINT WARNING * * *
The bullfrog hits you but does no damage.
You barely miss the bullfrog.
The bullfrog is severely wounded.
The bullfrog hits you.
You die...
You join the legions of the undead harvest.

######### #.......#
####.#####.#
####Z####...#......#
....oooF@..###Z##..#
....Zo##....#.###..#
#.#...#......##.#..## #
#..oZ............. .##
# #.#.....#.###..##....
#.#.##...#.##.......#
........###.#.#..####
#...#....Z...#.#....###
#...#.#.#Z#.#.###......


You could see a bullfrog (extremely poisoned, ally target), 2 orc priests, 2
orcs, a friendly ice beast zombie and 2 friendly orc zombies.

Vanquished Creatures
  A water moccasin (D:7)
  2 ice beasts
  A black bear (D:5)
  An ogre (D:5)
  A centaur (D:6)
  3 kobold brigands (D:7)
  A scorpion (D:5)
  A bullfrog (D:6)
  A howler monkey (D:8)
  A gnoll bouda (D:7)
  A hound (D:6)
  3 jellies
  Jessica (D:2)
  2 iguanas
  Natasha (twice) (D:2)
  An orc wizard (D:4)
  A gnoll (D:7)
  3 adders
  A white imp (D:4)
  An ufetubus (D:5)
  3 dart slugs
  3 worms
  15 orcs
  5 ball pythons
  4 bats
  3 endoplasms
  6 giant cockroaches
  5 goblins
  5 hobgoblins
  5 jackals
  9 quokkas
  3 frilled lizards
  23 kobolds
  4 rats
122 creatures vanquished.

Vanquished Creatures (collateral kills)
  Grinder (D:6)
  Sigmund (D:6)
  Eustachio (D:6)
  A sky beast (D:6)
  A bullfrog (D:7)
  Blork the orc (D:6)
  A howler monkey (D:6)
  A jelly (D:6)
  A hound (D:6)
  2 gnolls (D:7)
  A dart slug (D:1)
  A goblin (D:1)
  3 kobolds
16 creatures vanquished.

Vanquished Creatures (others)
  A bullfrog zombie (D:6)
  A sky beast zombie (D:6)
  A hound zombie (D:6)
  A howler monkey zombie (D:8)
  2 jelly zombies
  A worm zombie (D:5)
  2 gnoll zombies (D:7)
  A goblin zombie (D:4)
  8 kobold zombies (D:7)
  4 orc zombies (D:4)
  A quokka zombie (D:5)
23 creatures vanquished.

Grand Total: 161 creatures vanquished

Notes
Turn   | Place    | Note
-------+----------+-------------------------------------------
     0 | D:1      | Maratek the Mummy Necromancer began the quest for the Orb.
     0 | D:1      | Reached XP level 1. HP: 13/13 MP: 4/4
   125 | D:1      | Reached skill level 3 in Spellcasting
   144 | D:1      | Reached XP level 2. HP: 17/19 MP: 3/6
   476 | D:1      | Reached XP level 3. HP: 24/24 MP: 1/8
   966 | D:2      | Noticed Natasha
   974 | D:2      | Killed Natasha
   975 | D:2      | Reached skill level 4 in Spellcasting
  1050 | D:2      | Reached XP level 4. HP: 30/30 MP: 7/10
  1139 | D:2      | Noticed Jessica
  1147 | D:2      | Killed Jessica
  1148 | D:2      | Reached skill level 5 in Necromancy
  1340 | D:2      | Reached XP level 5. HP: 36/36 MP: 6/11
  1569 | D:2      | Found a faded altar of an unknown god.
  1660 | D:2      | Noticed Natasha
  1664 | D:2      | Killed Natasha
  1706 | D:2      | Found a shadowy altar of Dithmenos.
  2328 | D:3      | Found a basalt altar of Yredelemnul.
  2334 | D:3      | Became a worshipper of Yredelemnul the Dark
  2465 | D:3      | Reached * piety under Yredelemnul
  2649 | D:4      | Reached skill level 5 in Spellcasting
  2740 | D:4      | Reached XP level 6. HP: 28/42 MP: 6/13
  2806 | D:4      | Found a radiant altar of Vehumet.
  2845 | D:4      | Found a shimmering blue altar of Sif Muna.
  2986 | D:4      | Found a burning altar of Makhleb.
  3048 | D:4      | Found a shimmering altar of Xom.
  3048 | D:4      | Found a snail-covered altar of Cheibriados.
  3098 | D:4      | Found a sparkling altar of Nemelex Xobeh.
  3240 | D:4      | Found a bloodstained altar of Trog.
  3397 | D:5      | Entered Level 5 of the Dungeon
  3634 | D:5      | Noticed a wraith
  3864 | D:5      | Reached skill level 6 in Spellcasting
  4212 | D:5      | Reached XP level 7. HP: 38/47 MP: 16/16
  4235 | D:5      | Reached skill level 1 in Fighting
  4388 | D:6      | Noticed Grinder
  4410 | D:6      | Noticed Blork the orc
  4425 | D:6      | Killed Blork the orc
  4545 | D:6      | Noticed Eustachio
  4571 | D:6      | Killed Eustachio
  4572 | D:6      | Reached skill level 7 in Spellcasting
  4591 | D:6      | Paralysed by Grinder for 2 turns
  4593 | D:6      | Killed Grinder
  4594 | D:6      | Reached XP level 8. HP: 52/54 MP: 17/19
  4619 | D:6      | Reached ** piety under Yredelemnul
  4619 | D:6      | Reached skill level 8 in Spellcasting
  4665 | D:6      | Reached *** piety under Yredelemnul
  4683 | D:6      | Noticed Sigmund
  4690 | D:6      | Killed Sigmund
  4691 | D:6      | Reached skill level 1 in Short Blades
  4938 | D:7      | Reached skill level 9 in Spellcasting
  5300 | D:7      | Found Mirug's Book Boutique.
  5377 | D:7      | Found a staircase to the Ecumenical Temple.
  5606 | D:7      | Reached XP level 9. HP: 36/61 MP: 22/22
  6016 | D:8      | Slain by a bullfrog

Illustrated notes

Levels and vault maps discovered:
D:1:      wander_arrival_peaceful_grave, layout_basic
D:2:      layout_basic, chequers_ecumenical_altar_twisty, basic_altar,
          uniq_natasha, uniq_jessica
D:3:      layout_loops_ring, mainiacjoe_overflow_tiny_flanked
D:4:      layout_cave_pools, mainiacjoe_overflow_small_starburst,
          pf_just_have_faith, mainiacjoe_overflow_surrounded_room,
          mainiacjoe_overflow_divided_tiny, lemuel_tele_altar,
          nicolae_vehumet_radiance
D:5:      layout_loops_ring, serial_glass, glass_columns_b, glass_columns_b,
          glass_columns_c, glass_columns_b, glass_columns_a, glass_columns_c,
          glass_columns_a, glass_columns_c, minmay_misc_feat_ornament,
          hangedman_abyss_or_decor_lesser_grid
D:6:      layout_rooms, minivault_19, uniq_sigmund, uniq_eustachio,
          uniq_blork_the_orc, uniq_grinder
D:7:      layout_rooms, minmay_temple_entry_glass, serial_curves,
          eino_curves_04, eino_curves_02, serial_shops, shop,
          minmay_misc_feat_columns
D:8:      layout_loops_ring

Skill      XL: |  1  2  3  4  5  6  7  8 |
---------------+-------------------------+-----
Spellcasting   | 3 4 5 6 7 9 |  9.5
Necromancy     | 5 6 7 8 |  8.5
Fighting       | 1 2 |  2.4
Dodging        | 2 3 |  3.2
Stealth        | 2 |  2.2
Short Blades   | 2 |  2.2
Evocations     | |  0.1

Action                     |  1- 3 |  4- 6 |  7- 9 || total
---------------------------+-------+-------+-------++-------
  Melee: Unarmed           |     5 |       |       ||     5
         Short sword       |       |    33 |   123 ||   156
         Punch             |       |       |     1 ||     1
   Cast: Necrotise         |    55 |   120 |    59 ||   234
  Evoke: Wand              |       |     2 |       ||     2
    Use: Scroll            |       |     2 |       ||     2
   Stab: Distracted        |       |       |     1 ||     1
 Armour: Robe              |    15 |    46 |   150 ||   211
  Dodge: Dodged            |    20 |    41 |   126 ||   187

Table legend: (Time is in decaauts)
 A = Elapsed time spent in this place.
 B = Non-inter-level travel time spent in this place.
 C = Inter-level travel time spent in this place.
 D = Time resting spent in this place.
 E = Time spent auto-exploring this place.
 F = Levels seen in this place.
 G = Mean time per level.
                   A        B        C        D        E       F      G
               +--------+--------+--------+--------+--------+-----+--------+
         Total |   6039 |   5929 |    110 |    343 |   4523 |   8 |  754.9 |
       Dungeon |   6039 |   5929 |    110 |    343 |   4523 |   8 |  754.9 |
               +--------+--------+--------+--------+--------+-----+--------+

Top non-repeatable levels by time:
     D:5: 1044 daAuts
     D:2: 921 daAuts
     D:1: 858 daAuts
     D:4: 855 daAuts
     D:6: 769 daAuts
     D:3: 760 daAuts
     D:7: 685 daAuts
     D:8: 144 daAuts
